 Dungeon Crawl Stone Soup version 0.28.0-62-gf88900778d (webtiles) character file.

Game seed: 18415278542271200740

184 cbfl8 the Skirmisher (level 5, -1/41 HPs)
             Began as a Demonspawn Fighter on Mar 15, 2024.
             Slain by an ogre
             ... wielding a +0 giant club
              (18 damage)
             ... on level 3 of the Dungeon on Mar 16, 2024.
             The game lasted 00:03:08 (2868 turns).

cbfl8 the Skirmisher (Demonspawn Fighter)           Turns: 2868, Time: 00:03:08

Health: -1/41      AC: 11    Str: 17    XL:     5   Next: 36%
Magic:  5/5        EV:  6    Int: 15    God:
Gold:   142        SH:  5    Dex: 14    Spells: 4/4 levels left

rFire   . . .      SeeInvis .   a - +0 war axe
rCold   . . .      Faith    .   c - +0 buckler
rNeg    . . .      Spirit   .   o - +0 chain mail
rPois   .          Reflect  .   (no helmet)
rElec   .          Harm     .   n - +1 cloak
rCorr   .          Rampage  .   (gloves unavailable)
Will    .....                   (no boots)
Stlth   ..........              k - amulet of the acrobat
HPRegen 0.13/turn               j - +6 ring of intelligence
MPRegen 0.09/turn               (no ring)

@: mighty
A: foul stench 1, demonic touch 3, MP-powered wands
a: no special abilities


You were on level 3 of the Dungeon.
You visited 1 branch of the dungeon, and saw 4 of its levels.

You collected 142 gold pieces.

Inventory:

Hand Weapons
 a - a +0 war axe (weapon)
Armour
 c - a +0 buckler (worn)
 n - a +1 cloak (worn)
 o - a +0 chain mail (worn)
Jewellery
 j - a +6 ring of intelligence (left hand)
 k - an amulet of the acrobat (around neck)
Scrolls
 e - 2 scrolls of amnesia {unknown}
 f - a scroll of acquirement {unknown}
 g - a scroll of enchant weapon {unknown}
 h - 3 scrolls of identify {unknown}
 m - a scroll of fog {unknown}
Potions
 d - a potion of might
 i - 2 potions of mutation
 l - a potion of heal wounds {unknown}


   Skills:
 + Level 3.6 Fighting
 + Level 3.3 Axes
 + Level 3.4 Armour
 + Level 3.1 Shields
 * Level 2.0 Evocations


You had 4 spell levels left.
You didn't know any spells.
Your spell library contained the following spells:

 Spells                   Type           Power      Damage    Failure   Level
 Conjure Flame            Conj/Fire      0%         6-21      100%        3
 Gell's Gravitas          Tloc           0%         N/A       100%        3
 Ignite Poison            Fire/Tmut/Pois 0%         N/A       100%        3
 Lesser Beckoning         Tloc           0%         N/A       100%        3
 Teleport Other           Tloc           0%         N/A       100%        3
 Sticky Flame             Conj/Fire      0%         2d3       100%        4


Dungeon Overview and Level Annotations

Branches:
Dungeon (4/15)
 Temple: D:4-7

Altars:

Shops:
D:2 [


Innate Abilities, Weirdness & Mutations

You may rarely emit foul miasma when damaged in melee.
Your touch may irresistibly damage your foes and sap their willpower.
You expend magic power (3 MP) to strengthen your wands.


Message History

Unknown command.
The adder completely misses you. The adder barely misses you.
Unknown command.
You hit the adder but do no damage. The adder bites you.
Unknown command.
You closely miss the adder. The adder barely misses you.
An ogre comes into view. It is wielding a +0 giant club.
The adder bites you but does no damage.
Unknown command.
You miss the adder.
The adder bites you but does no damage. x2
Unknown command.
You slash the dart slug!
The dart slug is severely wounded.
You closely miss the adder. The adder bites you but does no damage.
Unknown command.
You hit the dart slug.
You kill the dart slug!
You hit the adder. The adder bites you but does no damage.
You block the adder's attack. You block the adder's attack.
The adder completely misses you. You block the adder's attack.
The adder completely misses you.
There is a stone staircase leading up here.
The adder bites you but does no damage. You block the ogre's attack.
You climb upwards.
There is a stone staircase leading down here.
You feel very mighty all of a sudden. The adder bites you but does no damage.
The ogre barely misses you. You block the adder's attack.
You slash the ogre!
The ogre is moderately wounded.
You slash the adder! The adder bites you but does no damage.
The ogre hits you with a +0 giant club!!
The adder bites you but does no damage.
You hit the ogre.
The ogre is heavily wounded.
You hit the adder.
You kill the adder!
The ogre hits you with a +0 giant club!!
You die...

#.# #..###..##########.##
#.# #..................#
#.# #...###......#####.#
#.# #...# ######.# #.#
#.# #...# #.# #.# #.#
##..# #.#####.#
#.#####..## #.......#
#.....(..O# #######.#
#...###.†@######## #.#
#(#.# #..........# #.#
#.#.# ##..######.######.#
#.#.# #..######........#
#.#.####..##............#
#.#...............#######
#.#.####..##.####.# #.#.#
#..##.# #.# #.#.#
#..##.####.########


You could see an ogre.

Vanquished Creatures
  A howler monkey (D:4)
  An orc wizard (D:3)
  5 adders
  2 worms (D:2)
  A dart slug (D:4)
  8 orcs
  7 ball pythons
  3 endoplasms
  A giant cockroach (D:2)
  8 goblins
  10 hobgoblins
  3 jackals (D:2)
  4 kobolds
  3 quokkas
  7 bats
  3 frilled lizards (D:1)
  A rat (D:2)
68 creatures vanquished.

Notes
Turn   | Place    | Note
-------+----------+-------------------------------------------
     0 | D:1      | cbfl8 the Demonspawn Fighter began the quest for the Orb.
     0 | D:1      | Reached XP level 1. HP: 18/18 MP: 1/1
   163 | D:1      | Gained mutation: You may rarely emit foul miasma when
                  | damaged in melee. [demonic ancestry]
   163 | D:1      | Reached XP level 2. HP: 24/24 MP: 2/2
   903 | D:2      | Gained mutation: Your touch may inflict minor irresistible
                  | damage on your foes. [demonic ancestry]
   903 | D:2      | Reached XP level 3. HP: 24/29 MP: 3/3
   917 | D:2      | Reached skill level 1 in Evocations
   928 | D:2      | Found Buidojia's Antique Armour Emporium.
   938 | D:2      | Gained mutation: You expend magic power (3 MP) to
                  | strengthen your wands. [potion of mutation]
  1264 | D:2      | Gained mutation: Your touch may inflict irresistible damage
                  | on your foes. [demonic ancestry]
  1264 | D:2      | Reached XP level 4. HP: 15/35 MP: 4/4
  2308 | D:3      | Gained mutation: Your touch may irresistibly damage your
                  | foes and sap their willpower. [demonic ancestry]
  2308 | D:3      | Reached XP level 5. HP: 27/41 MP: 5/5
  2668 | D:3      | Found a faded altar of an unknown god.
  2853 | D:4      | Noticed an ogre
  2868 | D:3      | Slain by an ogre

Illustrated notes

Levels and vault maps discovered:
D:1:      dpeg_arrival_refuge, layout_basic
D:2:      layout_rooms, serial_shops, shop, kennysheep_generic_room_10
D:3:      layout_loops_ring, chequers_ecumenical_altar_twisty
D:4:      kennysheep_kobold_camp, layout_layer_cave,
          minmay_temple_entry_nine_rooms, minmay_misc_feat_tiny

Skill      XL: |  1  2  3  4  5 |
---------------+----------------+-----
Axes           | 2 3 |  3.3
Armour         | 3 |  3.4
Shields        | 3 |  3.1
Evocations     | 1 2 |  2.0
Fighting       | |  3.6

Action                   |  1- 3 |  4- 6 || total
-------------------------+-------+-------++-------
Melee: War axe           |    98 |    84 ||   182
  Use: Potion            |     3 |     1 ||     4
Armor: Scale mail        |    50 |    46 ||    96
       Chain mail        |       |    25 ||    25
Dodge: Dodged            |    52 |    41 ||    93
Block: Buckler           |    35 |    22 ||    57
